 Dungeon Crawl Stone Soup version 0.30.1-3-gfc49f6343a (webtiles) character file.

Game seed: 16057936922933443858

1486 spardeous the Destroyer (level 8, 0/57 HPs)
             Began as a Demigod Conjurer on Aug 7, 2023.
             Slain by a yak (7 damage)
             ... on level 5 of the Dungeon.
             The game lasted 00:05:27 (5388 turns).

spardeous the Destroyer (Demigod Conjurer)          Turns: 5388, Time: 00:05:28

Health: 0/57       AC:  7    Str:  8    XL:     8   Next: 26%
Magic:  4/23       EV:  8    Int: 28    God:
Gold:   256        SH:  0    Dex: 12    Spells: 4/11 levels left

rFire   . . .        (no weapon)
rCold   . . .        (no shield)
rNeg    + . .        o - +0 scale mail
rPois   .            (no helmet)
rElec   .            (no cloak)
rCorr   .            (no gloves)
SInv    .            p - +0 pair of boots
Will    .....        (no amulet) Stlth
                     g - ring of positive energy
HPRegen 0.29/turn    h - ring of magical power
MPRegen 0.18/turn

%: no passive effects
@: no status effects
A: high MP 1, forlorn, divine attributes
a: no special abilities


You were on level 5 of the Dungeon.
You visited 1 branch of the dungeon, and saw 6 of its levels.

You collected 256 gold pieces.

Inventory:

Armour
 a - a +0 robe
 o - a +0 scale mail (worn)
 p - a +0 pair of boots (worn)
Jewellery
 g - a ring of positive energy (left hand)
 h - a ring of magical power (right hand)
 m - a ring of ice
Wands
 t - a wand of acid (13)
 u - a wand of flame (27)
Scrolls
 c - a scroll of acquirement {unknown}
 d - 2 scrolls of amnesia {unknown}
 f - 6 scrolls of teleportation {unknown}
 i - 8 scrolls of identify {unknown}
 j - a scroll of poison {unknown}
 k - 3 scrolls of magic mapping {unknown}
 l - a scroll of fog {unknown}
 n - a scroll of enchant weapon {unknown}
 v - a scroll of blinking {unknown}
 w - a scroll of vulnerability {unknown}
Potions
 b - a potion of magic
 e - 2 potions of curing
 q - 2 potions of attraction
 r - a potion of ambrosia {unknown}
 s - 3 potions of resistance {unknown}
 x - 2 potions of might {unknown}
 z - a potion of cancellation {unknown}


   Skills:
 - Level 1.7 Dodging
 - Level 1.7 Stealth
 - Level 2.4 Spellcasting
 + Level 8.5 Conjurations
 + Level 5.5 Translocations


You had 4 spell levels left.
You knew the following spells:

 Your Spells              Type           Power      Damage    Failure   Level
a - Magic Dart            Conj           100%       1d8       2%          1
b - Searing Ray           Conj           100%       2d8       4%          2
c - Iskenderun's Mystic   Conj/Tloc      42%        2d10      45%         4

Your spell library contained the following spells:

 Spells                   Type           Power      Damage    Failure   Level
 Shock                    Conj/Air       100%       1d9       16%         1
 Gell's Gravitas          Tloc           34%        N/A       26%         3
 Teleport Other           Tloc           34%        N/A       26%         3
 Dazzling Flash           Conj/Hex       54%        N/A       43%         3
 Summon Small Mammal      Summ           12%        N/A       65%         1
 Volatile Blastmotes      Fire/Tloc      38%        2d13      65%         3
 Fulminant Prism          Conj/Hex       13%        3d8       83%         4
 Call Canine Familiar     Summ           3%         N/A       95%         3
 Ozocubu's Armour         Ice            3%         N/A       95%         3
 Summon Guardian Golem    Hex/Summ       3%         N/A       95%         3
 Swiftness                Air            3%         N/A       95%         3
 Airstrike                Air            1%         2d(1-17)  100%        4
 Dispersal                Tloc           17%        N/A       100%        6
 Starburst                Conj/Fire      13%        6d6       100%        6
 Ozocubu's Refrigeration  Ice            1%         4d7       100%        7


Dungeon Overview and Level Annotations

Branches:
Dungeon (6/15)             Temple (0/1) D:6

Annotations:
D:6 3 runed translucent doors


Innate Abilities, Weirdness & Mutations

You have an increased reservoir of magic. (+10% MP)
You shall have no god before yourself.
Your divine heritage dramatically boosts your attributes as you level up.


Message History

The yak is moderately wounded. (Press . to maintain the ray.)
The yak gores you!
* * * LOW HITPOINT WARNING * * *
You take 12 damage, and have 21/57 hp.
MASSIVE DAMAGE!!
You now have 10/23 mp.
The searing ray hits the yak!
The yak is moderately wounded.
The yak gores you.
* * * LOW HITPOINT WARNING * * *
You take 4 damage, and have 17/57 hp.
You now have 9/23 mp.
The searing ray hits the yak!
The yak is heavily wounded.
The yak barely misses you.
You now have 8/23 mp.
The searing ray hits the yak.
The yak is severely wounded.
You finish channelling your searing ray.
The yak gores you.
* * * LOW HITPOINT WARNING * * *
You now have 7/23 mp.
Casting: Searing Ray (safe; 4% risk of failure)
Confirm with . or Enter, or press ? or * to list all spells.
Aiming: Searing Ray (safe; 4% risk of failure)
Press: ? - help, Shift-Dir - straight line, f/p - yak
Aim: a yak (severely wounded, 90% to hit)
The searing ray hits the yak.
The yak is severely wounded. (Press . to maintain the ray.)
The yak gores you!
* * * LOW HITPOINT WARNING * * *
You take 9 damage, and have 8/57 hp.
You now have 6/23 mp.
The searing ray hits the yak.
The yak is severely wounded.
The yak gores you.
* * * LOW HITPOINT WARNING * * *
You take 1 damage, and have 7/57 hp.
You now have 5/23 mp.
The searing ray hits the yak.
The yak is almost dead.
The yak gores you!
You die...

.# #.# #.##..####### #~~~
.# #.# #.>.......#
######### .# #.#
####..#######~~~### .# #.#
#..###~~~~~~~~~### ## #.#
####~~~~#####~~~~~ #
#.#########~~~~#### ###~~~
# #............~###.#
#~~~~# #
##########Y######.#########
# #@#####.#<##.# #
######### #......###...# #
........#
#######.#.########
#######.# ##.#........ ..#
#.# #.....##### #.# #.#
##.....##### #.# #.#
#........... #.### #.#
#...)..##### ....# #.#
#...)..#


You could see a yak.

Vanquished Creatures
  A yak (D:5)
  2 black bears
  An ice beast (D:6)
  3 ogres
  A centaur (D:5)
  A bullfrog (D:6)
  4 scorpions
  A wight (D:6)
  A howler monkey (D:5)
  A hound (D:5)
  2 iguanas
  3 orc wizards
  7 adders
  2 shadow imps (D:5)
  2 white imps (D:5)
  An ufetubus (D:6)
  A worm (D:3)
  3 dart slugs (D:1)
  12 orcs
  9 bats
  9 endoplasms
  4 giant cockroaches
  6 goblins
  9 hobgoblins
  7 kobolds
  A quokka (D:3)
  A ball python (D:1)
  2 frilled lizards
  10 rats
107 creatures vanquished.

Notes
Turn   | Place    | Note
-------+----------+-------------------------------------------
     0 | D:1      | spardeous the Demigod Conjurer began the quest for the Orb.
     0 | D:1      | Reached XP level 1. HP: 14/14 MP: 5/5
   261 | D:1      | Reached XP level 2. HP: 20/20 MP: 5/7
   496 | D:1      | Reached skill level 4 in Conjurations
   947 | D:1      | Reached XP level 3. HP: 26/26 MP: 9/9
   950 | D:1      | Learned a level 2 spell: Searing Ray
  2012 | D:3      | Reached XP level 4. HP: 33/33 MP: 3/10
  2037 | D:3      | Reached skill level 5 in Conjurations
  2357 | D:3      | Learned a level 4 spell: Iskenderun's Mystic Blast
  2591 | D:4      | Reached XP level 5. HP: 36/38 MP: 11/11
  2709 | D:4      | Reached skill level 6 in Conjurations
  3011 | D:4      | Reached skill level 1 in Translocations
  3435 | D:5      | Entered Level 5 of the Dungeon
  3443 | D:5      | Reached XP level 6. HP: 45/45 MP: 12/12
  3934 | D:5      | Reached skill level 7 in Conjurations
  3934 | D:5      | Reached XP level 7. HP: 41/50 MP: 11/13
  4786 | D:6      | Found a runed translucent gate.
  4786 | D:6      | Found a runed translucent gate.
  4786 | D:6      | Found a runed translucent gate.
  4786 | D:6      | Found a staircase to the Ecumenical Temple.
  5021 | D:6      | Noticed a yak
  5021 | D:6      | Noticed a yak
  5021 | D:6      | Noticed a yak
  5022 | D:6      | Noticed a yak
  5036 | D:6      | Noticed a yak
  5042 | D:5      | Killed a yak
  5043 | D:5      | Reached skill level 8 in Conjurations
  5043 | D:5      | Reached skill level 5 in Translocations
  5043 | D:5      | Reached XP level 8. HP: 49/57 MP: 13/14
  5388 | D:5      | Slain by a yak

Illustrated notes

Levels and vault maps discovered:
D:1:      dpeg_arrival_water_altar, layout_loops_ring,
          ebering_ecumenical_altar_ruins
D:2:      layout_rooms, basic_altar
D:3:      layout_rooms, mainiacjoe_overflow_catwalk
D:4:      layout_basic, mainiacjoe_overflow_paths, minmay_misc_feat_roman,
          hangedman_decor_lopped
D:5:      layout_loops_ring, nemelex_diamond_rough_becter,
          chequers_serial_rivers_large_b
D:6:      layout_cave_pods, kennysheep_mini_moat, minmay_temple_entry_tees,
          gammafunk_ghost_necromancy

Skill      XL: |  1  2  3  4  5  6  7 |
---------------+----------------------+-----
Spellcasting   | 2 |  2.4
Conjurations   | 4 5 6 7 8 |  8.5
Translocations | 1 3 5 |  5.5
Dodging        | |  1.7
Stealth        | |  1.7

Action                     |  1- 3 |  4- 6 |  7- 9 || total
---------------------------+-------+-------+-------++-------
   Cast: Magic Dart        |   112 |    79 |    24 ||   215
         Searing Ray       |       |    15 |    17 ||    32
    Use: Potion            |       |     2 |       ||     2
 Armour: Scale mail        |       |    22 |    18 ||    40
  Dodge: Dodged            |     6 |    25 |    18 ||    49
